PAAA
PLYMOUTH ROCKS @ JERSEY CITY TRITONS
09/04/2031
 
TOP OF THE 1ST
Plymouth Rocks batting - Pitching for Jersey City Tritons : RHP Pang Qin
Pitching: RHP Pang Qin
Batting: LHB José Castillo 0-0: Ball
1-0: Ball
2-0: Ball
3-0: Base on Balls
Batting: LHB Octávio Ontiveros 0-0: Called Strike
0-1: Called Strike
0-2: Ball
1-2: Strikes out looking
Batting: RHB Ernesto Trevino 0-0: Foul Ball, location: 2F
0-1: Swinging Strike
0-2: Ball
1-2: Ball
2-2: Ball
3-2: Fielders Choice at 2nd, 4-6 (Groundball, 4M)
Batting: LHB Adrian McCoy 0-0: Ball
1-0: Called Strike
Ernesto Trevino steals 2nd base
1-1: Foul Ball, location: 2F
1-2: Ball
2-2: Fly out, F9 (Flyball, 9)
Top of the 1st over - 0 runs, 0 hits, 0 errors, 1 left on base; Plymouth 0 - Jersey City 0
BOTTOM OF THE 1ST
Jersey City Tritons batting - Pitching for Plymouth Rocks : RHP Octavius Pringle
Pitching: RHP Octavius Pringle
Batting: SHB Holden Nolan 0-0: Called Strike
0-1: Ball
1-1: Ball
2-1: Ball
3-1: Swinging Strike
3-2: Base on Balls
Batting: RHB Arturo Scantlebury 0-0: Called Strike
0-1: Fly out, F8 (Flyball, 8LXD)
Batting: SHB Dave Atkins 0-0: Swinging Strike
0-1: Ball
1-1: Called Strike
1-2: Ball
2-2: Strikes out looking
Batting: RHB Yoshihiro Iwasaki 0-0: Called Strike
0-1: Ball
1-1: Called Strike
1-2: Foul Ball, location: 2F
1-2: Foul Ball, location: 2F
1-2: Ball
2-2: Foul Ball, location: 2F
2-2: Foul Ball, location: 2F
2-2: Strikes out swinging
Bottom of the 1st over - 0 runs, 0 hits, 0 errors, 1 left on base; Plymouth 0 - Jersey City 0
TOP OF THE 2ND
Plymouth Rocks batting - Pitching for Jersey City Tritons : RHP Pang Qin
Batting: SHB Javier Vega 0-0: Foul Ball, location: 2F
0-1: Ball
1-1: Swinging Strike
1-2: Ball
2-2: Ball
3-2: Base on Balls
Batting: RHB Chris Costa 0-0: Ball
1-0: Called Strike
1-1: Ball
2-1: Called Strike
2-2: Ball
3-2: Ground out 5-3 (Groundball, 56)
Javier Vega to second
Batting: RHB Cosmo Bjorkenheim 0-0: Ground out 5-3 (Groundball, 56)
Batting: SHB Raúl Rodríguez 0-0: Foul Ball, location: 2F
0-1: Ball
1-1: Swinging Strike
1-2: Foul Ball, location: 2F
1-2: Fly out, F8 (Flyball, 8LM)
Top of the 2nd over - 0 runs, 0 hits, 0 errors, 1 left on base; Plymouth 0 - Jersey City 0
BOTTOM OF THE 2ND
Jersey City Tritons batting - Pitching for Plymouth Rocks : RHP Octavius Pringle
Batting: RHB Rand McNally 0-0: Called Strike
0-1: Swinging Strike
0-2: Strikes out swinging
Batting: RHB Carlos Rúbio 0-0: Ground out 6-3 (Groundball, 6)
Batting: LHB Bart Walton 0-0: SINGLE (Line Drive, 9S)
Batting: RHB Brian Moring 0-0: Foul Ball, location: 2F
0-1: Foul Ball, location: 2F
0-2: Ground out 6-3 (Groundball, 6M)
Bottom of the 2nd over - 0 runs, 1 hit, 0 errors, 1 left on base; Plymouth 0 - Jersey City 0
TOP OF THE 3RD
Plymouth Rocks batting - Pitching for Jersey City Tritons : RHP Pang Qin
Batting: RHB Luis Guerrero 0-0: Reached via error on a dropped throw, E1
Batting: LHB José Castillo 0-0: Called Strike
0-1: Ball
1-1: Ball
2-1: Swinging Strike
2-2: Strikes out swinging
Batting: LHB Octávio Ontiveros 0-0: Ball
1-0: Ball
2-0: SINGLE (Flyball, 78M)
Luis Guerrero to second
Batting: RHB Ernesto Trevino 0-0: Ball
1-0: SINGLE (Flyball, 7LM)
Luis Guerrero to third
Octávio Ontiveros to second
Runner from 3rd tries for Home, SAFE, no throw
Batting: LHB Adrian McCoy 0-0: Foul Ball, location: 2F
0-1: Called Strike
0-2: SINGLE (Line Drive, 89S)
Octávio Ontiveros to third
Ernesto Trevino to second
Runner from 3rd tries for Home, SAFE, throw made home
Batting: SHB Javier Vega 0-0: Ball
1-0: SINGLE (Groundball, 3D)
Ernesto Trevino to third
Adrian McCoy to second
Runner from 3rd tries for Home, SAFE, no throw
Batting: RHB Chris Costa 0-0: Fly out, F7 (Flyball, 7S)
Batting: RHB Cosmo Bjorkenheim 0-0: Ball
1-0: Ground out 5-3 (Groundball, 56S)
Top of the 3rd over - 3 runs, 4 hits, 1 error, 2 left on base; Plymouth 3 - Jersey City 0
BOTTOM OF THE 3RD
Jersey City Tritons batting - Pitching for Plymouth Rocks : RHP Octavius Pringle
Batting: RHB Marcos Alfaro 0-0: Ground out 5-3 (Groundball, 56S)
Batting: SHB Holden Nolan 0-0: Ball
1-0: Foul Ball, location: 2F
1-1: Ground out 6-3 (Groundball, 6M)
Batting: RHB Arturo Scantlebury 0-0: Ball
1-0: Called Strike
1-1: Ball
2-1: Foul Ball, location: 2F
2-2: SINGLE (Line Drive, 56)
Batting: SHB Dave Atkins 0-0: Ground out 4-3 (Groundball, 4)
Bottom of the 3rd over - 0 runs, 1 hit, 0 errors, 1 left on base; Plymouth 3 - Jersey City 0
TOP OF THE 4TH
Plymouth Rocks batting - Pitching for Jersey City Tritons : RHP Pang Qin
Batting: SHB Raúl Rodríguez 0-0: Ball
1-0: Ball
2-0: Fly out, F8 (Flyball, 8LM)
Batting: RHB Luis Guerrero 0-0: Called Strike
0-1: Ball
1-1: Ball
2-1: Foul Ball, location: 2F
2-2: Strikes out swinging
Batting: LHB José Castillo 0-0: Swinging Strike
0-1: Swinging Strike
0-2: Foul Ball, location: 2F
0-2: Ball
1-2: Ball
2-2: Ball
3-2: Strikes out looking
Top of the 4th over - 0 runs, 0 hits, 0 errors, 0 left on base; Plymouth 3 - Jersey City 0
BOTTOM OF THE 4TH
Jersey City Tritons batting - Pitching for Plymouth Rocks : RHP Octavius Pringle
Batting: RHB Yoshihiro Iwasaki 0-0: Ground out 5-3 (Groundball, 56S)
Batting: RHB Rand McNally 0-0: Fly out, F8 (Line Drive, 8RM)
Batting: RHB Carlos Rúbio 0-0: Ball
1-0: Foul Ball, location: 2F
1-1: SOLO HOME RUN (Flyball, 7D), Distance : 387 ft
Batting: LHB Bart Walton 0-0: Called Strike
0-1: Foul Ball, location: 2F
0-2: Ball
1-2: Ball
2-2: Strikes out swinging
Bottom of the 4th over - 1 run, 1 hit, 0 errors, 0 left on base; Plymouth 3 - Jersey City 1
TOP OF THE 5TH
Plymouth Rocks batting - Pitching for Jersey City Tritons : RHP Pang Qin
Batting: LHB Octávio Ontiveros 0-0: Foul Ball, location: 2F
0-1: Ball
1-1: Ball
2-1: Ball
3-1: Base on Balls
Batting: RHB Ernesto Trevino 0-0: Called Strike
0-1: Foul Ball, location: 2F
0-2: Fly out, F7 (Flyball, 7S)
Batting: LHB Adrian McCoy 0-0: Called Strike
Octávio Ontiveros steals 2nd base
0-1: Called Strike
0-2: Ball
1-2: Foul Ball, location: 2F
1-2: SINGLE (Line Drive, 4D)
Octávio Ontiveros to third
Batting: SHB Javier Vega 0-0: Foul Ball, location: 2F
0-1: Foul Ball, location: 2F
0-2: Ball
1-2: Foul Ball, location: 2F
1-2: Ball
2-2: Strikes out looking
Batting: RHB Chris Costa 0-0: Ball
1-0: Ball
2-0: SINGLE (Groundball, 56D)
Octávio Ontiveros scores
Adrian McCoy to second
Batting: RHB Cosmo Bjorkenheim 0-0: Called Strike
0-1: Foul Ball, location: 2F
0-2: Fielders Choice at 2nd, 6-4 (Groundball, 6)
Top of the 5th over - 1 run, 2 hits, 0 errors, 2 left on base; Plymouth 4 - Jersey City 1
BOTTOM OF THE 5TH
Jersey City Tritons batting - Pitching for Plymouth Rocks : RHP Octavius Pringle
Batting: RHB Brian Moring 0-0: Called Strike
0-1: Swinging Strike
0-2: Ball
1-2: Fly out, F7 (Flyball, 7LSF)
Batting: RHB Marcos Alfaro 0-0: Ball
1-0: Foul Ball, location: 2F
1-1: Ball
2-1: Ground out 1-3 (Groundball, 13)
Batting: SHB Holden Nolan 0-0: Ground out 6-3 (Groundball, 6S)
Bottom of the 5th over - 0 runs, 0 hits, 0 errors, 0 left on base; Plymouth 4 - Jersey City 1
TOP OF THE 6TH
Plymouth Rocks batting - Pitching for Jersey City Tritons : RHP Pang Qin
Batting: SHB Raúl Rodríguez 0-0: Fly out, F3 (Popup, 3S)
Batting: RHB Luis Guerrero 0-0: Foul Ball, location: 2F
0-1: Ball
1-1: Ball
2-1: Foul Ball, location: 2F
2-2: Ball
3-2: SINGLE (Line Drive, 8RS)
Pitching: RHP Jesús Colón
Batting: LHB José Castillo 0-0: Foul Ball, location: 2F
0-1: Foul Ball, location: 2F
0-2: Ball
1-2: Ball
2-2: Fly out, F5 (Popup, 6S)
Batting: LHB Octávio Ontiveros 0-0: Called Strike
0-1: Ball
1-1: Swinging Strike
1-2: Ball
2-2: Ball
3-2: Base on Balls
Luis Guerrero to second
Batting: RHB Ernesto Trevino 0-0: Called Strike
0-1: Fly out, F9 (Flyball, 9LMF)
Top of the 6th over - 0 runs, 1 hit, 0 errors, 2 left on base; Plymouth 4 - Jersey City 1
BOTTOM OF THE 6TH
Jersey City Tritons batting - Pitching for Plymouth Rocks : RHP Octavius Pringle
Batting: RHB Arturo Scantlebury 0-0: Called Strike
0-1: Ball
1-1: Ball
2-1: Ball
3-1: Called Strike
3-2: Foul Ball, location: 2F
3-2: Foul Ball, location: 2F
3-2: DOUBLE (Line Drive, 9D)
Batting: SHB Dave Atkins 0-0: Ball
1-0: Foul Ball, location: 2F
1-1: Ball
2-1: Ball
3-1: Ground out 3-1 (Groundball, 34)
Arturo Scantlebury to third
Batting: RHB Yoshihiro Iwasaki 0-0: Called Strike
0-1: Ball
1-1: Swinging Strike
1-2: Ground out 6-3 (Groundball, 6)
Arturo Scantlebury scores
Batting: RHB Rand McNally 0-0: Ball
1-0: Ball
2-0: Called Strike
2-1: Ground out 5-3 (Groundball, 56S)
Bottom of the 6th over - 1 run, 1 hit, 0 errors, 0 left on base; Plymouth 4 - Jersey City 2
TOP OF THE 7TH
Plymouth Rocks batting - Pitching for Jersey City Tritons : RHP Jesús Colón
Batting: LHB Adrian McCoy 0-0: Ball
1-0: Ball
2-0: SINGLE (Line Drive, 34)
Batting: SHB Javier Vega 0-0: Called Strike
0-1: Fly out, F8 (Flyball, 89XD)
Batting: RHB Chris Costa 0-0: Ball
1-0: Ball
2-0: Called Strike
2-1: Ball
3-1: Foul Ball, location: 2F
3-2: Base on Balls
Adrian McCoy to second
Pinch Hitting: RHB Enrique Morales 0-0: Foul Ball, location: 2F
0-1: Ball
1-1: SINGLE (Groundball, 6MD)
Adrian McCoy to third
Chris Costa to second
Batting: SHB Raúl Rodríguez 0-0: Ball
1-0: Foul Ball, location: 2F
1-1: Grounds into fielders choice 3-2 (Groundball, 34S)
Chris Costa to third
Enrique Morales to second
Pinch Hitting: RHB Sadakuno Taketo 0-0: Ball
1-0: Foul Ball, location: 2F
1-1: Swinging Strike
1-2: Ball
2-2: Fly out, F9 (Flyball, 9LSF)
Top of the 7th over - 0 runs, 2 hits, 0 errors, 3 left on base; Plymouth 4 - Jersey City 2
BOTTOM OF THE 7TH
Jersey City Tritons batting - Pitching for Plymouth Rocks : RHP Octavius Pringle
Now at 2B: Kazu Hishida
Now at SS: Randy Bowen
Batting: RHB Carlos Rúbio 0-0: Ball
1-0: Ball
2-0: Foul Ball, location: 2F
2-1: Foul Ball, location: 2F
2-2: Fly out, F8 (Flyball, 8LXD)
Batting: LHB Bart Walton 0-0: Foul Ball, location: 2F
0-1: Called Strike
0-2: Ball
1-2: SINGLE (Groundball, 4MD)
Batting: RHB Brian Moring 0-0: SINGLE (Line Drive, 7LS)
Bart Walton to second
Pinch Hitting: LHB Chia-ch'ing Dodman 0-0: Ball
1-0: Swinging Strike
1-1: Foul Ball, location: 2F
1-2: Strikes out swinging
Batting: SHB Holden Nolan 0-0: Ball
1-0: Ball
2-0: Ball
3-0: Called Strike
3-1: Base on Balls
Bart Walton to third
Brian Moring to second
Batting: RHB Arturo Scantlebury 0-0: Ball
1-0: Foul Ball, location: 2F
1-1: Fly out, F9 (Flyball, 89S)
Bottom of the 7th over - 0 runs, 2 hits, 0 errors, 3 left on base; Plymouth 4 - Jersey City 2
TOP OF THE 8TH
Plymouth Rocks batting - Pitching for Jersey City Tritons : RHP Jesús Colón
Now at 3B: Víctor Robledo
Batting: LHB José Castillo 0-0: SINGLE (Line Drive, 7S)
Batting: LHB Octávio Ontiveros 0-0: Ball
1-0: Ball
José Castillo is caught stealing 2nd base
2-0: Fly out, F7 (Flyball, 7LM)
Batting: RHB Ernesto Trevino 0-0: Called Strike
0-1: Ball
1-1: Fly out, F3 (Popup, 3SF)
Top of the 8th over - 0 runs, 1 hit, 0 errors, 0 left on base; Plymouth 4 - Jersey City 2
BOTTOM OF THE 8TH
Jersey City Tritons batting - Pitching for Plymouth Rocks : RHP Octavius Pringle
Batting: SHB Dave Atkins 0-0: SOLO HOME RUN (Flyball, 89XD), Distance : 427 ft
Batting: RHB Yoshihiro Iwasaki 0-0: Ball
1-0: Ground out 4-3 (Groundball, 34D)
Batting: RHB Rand McNally 0-0: Ball
1-0: Ball
2-0: Ball
3-0: Called Strike
3-1: Foul Ball, location: 2F
3-2: SINGLE (Flyball, 89M)
Batting: RHB Carlos Rúbio Pickoff Throw to First - Error! E1
Rand McNally to second
0-0: Called Strike
0-1: Called Strike
0-2: Foul Ball, location: 2F
0-2: Ball
1-2: Foul Ball, location: 2F
1-2: Ball
2-2: Strikes out swinging
Pitching: RHP Javier Luna
Batting: LHB Bart Walton 0-0: Foul Ball, location: 2F
0-1: Ball
1-1: Foul Ball, location: 2F
1-2: Ball
2-2: Foul Ball, location: 2F
2-2: Ball
3-2: DOUBLE (Line Drive, 7LM)
Rand McNally scores
Batting: RHB Brian Moring 0-0: Fly out, F8 (Flyball, 89M)
Bottom of the 8th over - 2 runs, 3 hits, 1 error, 1 left on base; Plymouth 4 - Jersey City 4
TOP OF THE 9TH
Plymouth Rocks batting - Pitching for Jersey City Tritons : RHP Jesús Colón
Pitching: LHP Chris Sommer
Pinch Hitting: RHB Syed Sarkar 0-0: Called Strike
0-1: Called Strike
0-2: Strikes out swinging
Batting: SHB Javier Vega 0-0: Foul Ball, location: 2F
0-1: Called Strike
0-2: Ball
1-2: Fly out, F6 (Line Drive, 6)
Batting: RHB Chris Costa 0-0: Ball
1-0: Called Strike
1-1: Ball
2-1: Foul Ball, location: 2F
2-2: Foul Ball, location: 2F
2-2: Strikes out swinging
Top of the 9th over - 0 runs, 0 hits, 0 errors, 0 left on base; Plymouth 4 - Jersey City 4
BOTTOM OF THE 9TH
Jersey City Tritons batting - Pitching for Plymouth Rocks : RHP Javier Luna
Now in RF: Carlos Álvarez
Batting: LHB Víctor Robledo 0-0: Ball
1-0: Called Strike
1-1: Fly out, F9 (Flyball, 9D)
Batting: SHB Holden Nolan 0-0: Ball
1-0: Ground out 6-3 (Groundball, 6)
Batting: RHB Arturo Scantlebury 0-0: SINGLE (Line Drive, 7LS)
Pinch Runner at 1st Rubén Arce:
Batting: SHB Dave Atkins 0-0: Ball
1-0: Swinging Strike
1-1: DOUBLE (Flyball, 8RXD)
Rubén Arce to third
Runner from 3rd tries for Home, SAFE, no throw
Tuesday, June 12th, 2018 - OOTP Baseball 18.8 Build 76